 Dungeon Crawl Stone Soup version 0.21.1-1-g345015f (webtiles) character file.

98 letownia2 the Poker (level 4, -1/33 HPs)
             Began as a Merfolk Wizard on Mar 8, 2018.
             Slain by a jelly (2 damage)
             ... on level 4 of the Dungeon.
             The game lasted 00:18:46 (2162 turns).

letownia2 the Poker (Merfolk Wizard)                Turns: 2162, Time: 00:18:46

Health: -1/33      AC: -5    Str:  8    XL:     4   Next: 71%
Magic:  1/8        EV: 12    Int: 17    God:
Gold:   74         SH:  0    Dex: 12    Spells: 1/9 levels left

rFire    . . .     SeeInvis .   g - +0 spear
rCold    . . .     Gourm    .   (no shield)
rNeg     . . .     Faith    .   e - -1 leather armour (curse)
rPois    .         Spirit   .   r - +0 helmet
rElec    .         Reflect  .   (no cloak)
rCorr    .         Harm     .   (no gloves)
MR       .....                  (no boots)
Stlth    ++........             (no amulet)
HPRegen  0.11/turn              (no ring)
MPRegen  0.11/turn              (no ring)

@: corroded, very slightly contaminated
A: change form in water, swift swim, stealthy swim
a: no special abilities


You were on level 4 of the Dungeon.
You were not hungry.

You visited 1 branch of the dungeon, and saw 5 of its levels.

You collected 74 gold pieces.

Inventory:

Hand Weapons
 g - a +0 spear (weapon)
 l - a +0 trident
 t - a +0 flail of protection
Armour
 b - a +0 hat
 e - a cursed -1 leather armour (worn)
 j - a cursed +0 ring mail
 m - a +0 scale mail
 q - a +0 animal skin
 r - a +0 helmet (worn)
Scrolls
 a - 3 scrolls of enchant weapon {unknown}
 i - 2 scrolls of teleportation {unknown}
 o - a scroll of noise {unknown}
 p - 2 scrolls of identify {unknown}
Potions
 f - 2 potions of curing
 h - a potion of brilliance {unknown}
 k - a potion of haste {unknown}
 s - a potion of invisibility {unknown}
Books
 c - a book of Minor Magic

   Spells                             Type                      Level
   a - Magic Dart                     Conjuration                  1
   b - Blink                          Translocation                2
   c - Call Imp                       Summoning                    2
   d - Slow                           Hexes                        2
   e - Conjure Flame                  Conjuration/Fire             3
   f - Mephitic Cloud                 Conjuration/Poison/Air       3
Comestibles
 d - 4 rations


   Skills:
 - Level 1.8 Fighting
 + Level 4.3 Polearms
 - Level 2.6 Dodging
 - Level 2.1 Stealth
 - Level 3.0 Spellcasting
 + Level 1.2 Conjurations
 - Level 1.0 Summonings
 - Level 0.7 Translocations
 + Level 1.4 Poison Magic


You had one spell level left.
You knew the following spells:

 Your Spells              Type           Power        Failure   Level  Hunger
a - Magic Dart            Conj           #...         16%         1    None
b - Blink                 Tloc           N/A          28%         2    ##.....
e - Mephitic Cloud        Conj/Pois/Air  #.......     47%         3    ###....
i - Call Imp              Summ           #.......     26%         2    ##.....


Dungeon Overview and Level Annotations

Branches:
Dungeon (5/15)
 Temple: D:4-7

Altars:
Ashenzari
Fedhas
Okawaru

Shops:
D:4 [

Annotations:
D:3 Grinder; Ijyb; Sigmund
D:4 letownia2's ghost, weakling TeWz


Message History

Casting: Magic Dart
Confirm with . or Enter, or press ? or * to list all spells.
Aiming: Magic Dart
Press: ? - help, Shift-Dir - straight line, f/p - jelly
Aim: a jelly (heavily wounded)
The magic dart hits the jelly.
The jelly is heavily wounded.
The jelly hits you. The acid corrodes you!
You are splashed with acid!
The acid burns!
* * * LOW HITPOINT WARNING * * *
Unknown command.
Casting: Magic Dart
Confirm with . or Enter, or press ? or * to list all spells.
Aiming: Magic Dart
Press: ? - help, Shift-Dir - straight line, f/p - jelly
Aim: a jelly (heavily wounded)
The magic dart hits the jelly.
The jelly is severely wounded.
The jelly hits you.
You die...

####.# #.###.##.# #
#....# #.# #.# #
#.#.#..# #.# #.# .#
#.#.#..#####.###.##.#
#............##......
###.########......#.#
#.# #.>.......# .
#.## #........## #.@#
#........#### ##J#
#............ ...
#.......##### ##.##
#.<.....# #.#
#.......# ..#
######### .## .


You could see a jelly.

Vanquished Creatures
  Robin (D:3)
  A gnoll (D:2)
  An adder (D:4)
  An ooze (D:2)
  2 worms
  A dart slug (D:1)
  2 leopard geckos
  4 orcs
  3 bats
  2 giant cockroaches (D:2)
  11 goblins
  9 hobgoblins
  A quokka (D:3)
  2 ball pythons
  A frilled lizard (D:1)
  3 kobolds
  3 rats (D:2)
48 creatures vanquished.

Vanquished Creatures (others)
  A goblin (D:3)
1 creature vanquished.

Grand Total: 49 creatures vanquished

Notes
Turn   | Place    | Note
-------+----------+-------------------------------------------
     0 | D:1      | letownia2 the Merfolk Wizard began the quest for the Orb.
     0 | D:1      | Reached XP level 1. HP: 13/13 MP: 4/4
    76 | D:1      | Reached skill level 1 in Fighting
    97 | D:1      | Reached skill level 1 in Polearms
    97 | D:1      | Reached XP level 2. HP: 9/21 MP: 0/6
   142 | D:2      | Reached skill level 2 in Polearms
   190 | D:2      | Learned a level 2 spell: Call Imp
   193 | D:2      | Found a shattered altar of Ashenzari.
   264 | D:2      | Found an iron altar of Okawaru.
   264 | D:2      | Found a blossoming altar of Fedhas.
   424 | D:3      | Reached skill level 3 in Polearms
   426 | D:3      | Reached XP level 3. HP: 6/26 MP: 3/7
   432 | D:3      | Learned a level 3 spell: Mephitic Cloud
   775 | D:3      | Noticed Robin
  1012 | D:3      | Noticed Grinder
  1139 | D:3      | Learned a level 2 spell: Blink
  1146 | D:3      | Noticed Sigmund
  1394 | D:4      | Reached skill level 4 in Polearms
  1394 | D:4      | Reached XP level 4. HP: 24/33 MP: 1/8
  1441 | D:4      | Found Higotorch's Antique Armour Emporium.
  1484 | D:4      | Noticed letownia2's ghost (weakling TeWz)
  1586 | D:3      | Reached skill level 1 in Conjurations
  1615 | D:3      | Killed Robin
  1615 | D:3      | Reached skill level 1 in Poison Magic
  1681 | D:3      | Noticed Ijyb
  2151 | D:5      | Entered Level 5 of the Dungeon
  2151 | D:5      | Noticed an ice beast
  2161 | D:4      | HP: 1/33 [acid (10)]
  2162 | D:4      | Slain by a jelly

Skill      XL: |  1  2  3  4 |
---------------+-------------+-----
Fighting       | 1 |  1.8
Polearms       | 1 3 4 |  4.3
Conjurations   | 1 |  1.2
Poison Magic   | 1 |  1.4
Dodging        | |  2.6
Stealth        | |  2.1
Spellcasting   | |  3.0
Summonings     | |  1.0
Translocations | |  0.7

Action                   |  1- 3 |  4- 6 || total
-------------------------+-------+-------++-------
Melee: Unarmed           |    15 |       ||    15
       Spear             |   115 |    69 ||   184
 Cast: Magic Dart        |    71 |    22 ||    93
       Mephitic Cloud    |     3 |     7 ||    10
 Stab: Sleeping          |     4 |       ||     4
       Confused          |     1 |     9 ||    10
  Eat: Chunk             |     2 |     4 ||     6
Armor: Leather armour    |    22 |     7 ||    29
Dodge: Dodged            |    64 |    28 ||    92
